 Dungeon Crawl Stone Soup version 0.18-a0-987-g0b0e4e7 (webtiles) character file.

57 JokEr the Digger (level 4, 24/24 HPs)
             Began as a Gargoyle Earth Elementalist on Jan 3, 2016.
             Quit the game on level 1 of the Dungeon.
             The game lasted 00:06:41 (1825 turns).

JokEr the Digger (Gargoyle Earth Elementalist)      Turns: 1825, Time: 00:06:42

Health: 24/24      AC:  5    Str: 12    XL:     4   Next: 0%
Magic:  8/8        EV: 12    Int: 16    God:
Gold:   66         SH:  0    Dex: 10    Spells: 2 memorised, 6 levels left

rFire  x . .     SeeInvis .     (no weapon)
rCold  + . .     Gourm    .     a - +0 robe
rNeg   + . .     Faith    .     (no shield)
rPois  ∞         Spirit   .     (no helmet)
rElec  +         Dismiss  .     (no cloak)
rCorr  .         Reflect  .     (no gloves)
SustAt .         Harm     .     (no boots)
MR     .....                    (no amulet)
Stlth  ++........               l - ring of flight
                                g - ring of ice

@: not resistant to hostile enchantments, unstealthy
A: negative energy resistance 1, electricity resistance, unbreathing,
petrification resistance, rot immunity, AC +3
a: Evoke Flight


You were on level 1 of the Dungeon.
You were not hungry.

You visited 1 branch of the dungeon, and saw 1 of its levels.

You collected 66 gold pieces.

Inventory:

Missiles
 b - 52 stones (quivered)
Armour
 a - a +0 robe (worn)
 e - a +0 pair of boots
Jewellery
 g - a ring of ice (left hand)
 l - a ring of flight (right hand)
Scrolls
 j - a scroll of enchant weapon
Potions
 h - a potion of might {unknown}
 i - a potion of degeneration {unknown}
Books
 c - a book of Geomancy

   Spells                             Type                      Level
   a - Sandblast                      Earth                        1
   b - Stoneskin                      Transmutation/Earth          2
   c - Passwall                       Transmutation/Earth          3
   d - Stone Arrow                    Conjuration/Earth            3
   e - Petrify                        Transmutation/Earth          4
   f - Lee's Rapid Deconstruction     Earth                        5
Comestibles
 d - a bread ration
 f - a meat ration
 k - a chunk of flesh


   Skills:
 - Level 1.7 Dodging
 - Level 2.2 Stealth
 + Level 3.0 Spellcasting
 - Level 0.7 Transmutations
 + Level 4.6 Earth Magic


You had 6 spell levels left.
You knew the following spells:

 Your Spells              Type           Power        Failure   Level  Hunger
a - Sandblast             Erth           ###...       3%          1    #......
b - Stoneskin             Trmt/Erth      ##......     12%         2    ##.....


Dungeon Overview and Level Annotations

Branches:
Dungeon (1/15)

Altars:


Innate Abilities, Weirdness & Mutations

You are resistant to torment.
Your stone body is resilient (AC +3).
You are immune to poison.
You resist negative energy.
You are resistant to electric shocks.
You can survive without breathing.
You are immune to petrification.
You are immune to rotting.


Message History

You barely miss the rat. The rat bites you.
You hit the rat.
The rat is heavily wounded.
The rat completely misses you.
You hit the rat.
You kill the rat!
Your Spellcasting skill increases to level 3!
You have reached level 4!
You feel stronger.
You see here an adder corpse.
You butcher the adder corpse.
k - a chunk of flesh You start resting.
Magic restored.
You start resting.
HP restored.
Done exploring.
Welcome back, JokEr the Gargoyle Earth Elementalist.
Press ? for a list of commands and other information.
Are you sure you want to abandon this character and quit the game? (Confirm with "yes".)

#........# #####
##...##### #..## #..# ##.#
#.####################
#.#.#..#.....#..#.....
#####.#.#..#..#..#..#..#..
#).......@)...............
#.......#..#..#..#.....#..
#.....#..........#.....#..
#.....#....#..#.....<..#..
#.....####################
#.....####################
#..................#......
#.......###........#.#####
######..#.#.#†######.#


There were no monsters in sight!

Vanquished Creatures
  2 adders (D:1)
  A giant gecko (D:1)
  A ball python (D:1)
  4 goblins (D:1)
  9 hobgoblins (D:1)
  6 kobolds (D:1)
  A bat (D:1)
  8 giant newts (D:1)
  5 rats (D:1)
37 creatures vanquished.

Notes
Turn   | Place    | Note
--------------------------------------------------------------
     0 | D:1      | JokEr the Gargoyle Earth Elementalist began the quest for the Orb.
     0 | D:1      | Reached XP level 1. HP: 10/10 MP: 3/3
   171 | D:1      | Reached XP level 2. HP: 13/15 MP: 0/5
   177 | D:1      | Reached skill level 4 in Earth Magic
   612 | D:1      | Reached XP level 3. HP: 16/19 MP: 0/6
  1579 | D:1      | Learned a level 2 spell: Stoneskin
  1722 | D:1      | Reached XP level 4. HP: 15/24 MP: 1/8
  1825 | D:1      | Quit the game

Vault maps used:
D:1:      dpeg_arrival_ternary, minmay_newt_pond

Action                   |  1- 3 |  4- 6 || total
-------------------------+-------+-------++-------
Melee: Unarmed           |    39 |       ||    39
 Cast: Sandblast         |    79 |       ||    79
       Stoneskin         |     4 |       ||     4
  Use: Scroll            |     2 |       ||     2
 Stab: Distracted        |     1 |       ||     1
  Eat: Bread ration      |     1 |       ||     1
       Chunk             |     1 |       ||     1
